 Dungeon Crawl Stone Soup version 0.18-a0-1300-g6e8322c (webtiles) character file.

3827 Tomstefer the Carver (level 9, -4/75 HPs)
             Began as a Minotaur Fighter on Feb 11, 2016.
             Was a Follower of Okawaru.
             Slain by a rust devil (9 damage)
             ... summoned by an orc high priest
             ... in a bailey.
             The game lasted 00:18:36 (6403 turns).

Tomstefer the Carver (Minotaur Fighter)             Turns: 6403, Time: 00:18:38

Health: -4/75      AC: -12   Str: 23    XL:     9   Next: 97%
Magic:  0/8        EV:  6    Int:  7    God:    Okawaru [*.....]
Gold:   316        SH:  9    Dex: 11    Spells: 0 memorised, 8 levels left

rFire  . . .     SeeInvis .     w - +7 Screaming Sword
rCold  + . .     Gourm    .     s - +0 chain mail
rNeg   + . .     Faith    .     c - +0 shield
rPois  .         Spirit   +     (helmet restricted)
rElec  .         Dismiss  .     (no cloak)
rCorr  .         Reflect  .     (no gloves)
SustAt .         Harm     .     (no boots)
MR     .....                    x - amulet "Vetirer" {Spirit rN+ Int+2}
Stlth  ..........               (no ring)
                                q - ring of protection from cold

@: corroded equipment, not resistant to hostile enchantments, extremely
unstealthy
A: retaliatory headbutt, horns 2
a: Heroism, Renounce Religion


You were in a bailey.
You worshipped Okawaru.
Okawaru was aware of your devotion.
You were not hungry.

You visited 2 branches of the dungeon, and saw 8 of its levels.
You also visited: Bailey.

You collected 316 gold pieces.

Inventory:

Hand Weapons
 a - a +0 long sword
 w - the +7 Screaming Sword (weapon)
   (You found it on level 5 of the Dungeon)
 A - a +0 arbalest
Armour
 b - a +0 scale mail
 c - a +0 shield (worn)
 n - a cursed +0 leather armour
 s - a +0 chain mail (worn)
Jewellery
 q - a ring of protection from cold (left hand)
 x - the amulet "Vetirer" (around neck) {Spirit rN+ Int+2}
   (You found it on level 6 of the Dungeon)

   [amulet of guardian spirit]

   It causes incoming damage to be split between your health and magic.
   It affects your intelligence (+2).
   It protects you from negative energy.
Wands
 y - a wand of flame (32/48)
Scrolls
 e - 7 scrolls of remove curse
 g - a scroll of blinking {unknown}
 h - a scroll of enchant weapon {unknown}
 i - 2 scrolls of teleportation
 j - a scroll of fear
 p - 3 scrolls of enchant armour
 v - a scroll of amnesia
Potions
 k - 10 potions of curing
 l - a potion of flight {unknown}
 m - a potion of agility {unknown}
 o - 3 potions of heal wounds {unknown}
 u - a potion of lignification {unknown}
 z - a potion of might
Books
 r - a book of Debilitation

   Spells                             Type                      Level
   a - Corona                         Hexes                        1
   b - Slow                           Hexes                        2
   c - Gell's Gravitas                Hexes/Translocation          3
   d - Inner Flame                    Hexes/Fire                   3
   e - Cause Fear                     Hexes                        4
   f - Leda's Liquefaction            Hexes/Earth                  4
Comestibles
 d - 3 meat rations
 f - 2 bread rations
 t - 2 royal jellies


   Skills:
 - Level 6.2 Fighting
 + Level 13.3 Long Blades
 + Level 9.8 Armour
 - Level 3.7 Shields


You had 8 spell levels left.
You didn't know any spells.

Dungeon Overview and Level Annotations

Branches:
Dungeon (7/15)             Temple (1/1) D:6

Altars:
Gozag
Kikubaaqudgha
Makhleb
Nemelex Xobeh
Okawaru
Pakellas
Qazlal
Sif Muna
Vehumet
Zin
The Shining One

Shops:
D:6 ?


Innate Abilities, Weirdness & Mutations

You reflexively headbutt those who attack you in melee.
You have a pair of horns on your head.


Message History

You block the goblin's attack. The rust devil hits you.
* * * LOW HITPOINT WARNING * * *
The rust devil corrodes you! The hobgoblin closely misses you.
Your shield and chain mail prevent you from hitting the orc high priest.
Your headbutt misses the orc high priest.
The orc high priest is severely wounded.
The Screaming Sword states, "Their screams, my satisfaction."
The monsters around you reel from the noise!
You hear a shout!
The goblin barely misses you. The rust devil barely misses you.
You furiously retaliate!
You headbutt the rust devil. You block the orc high priest's attack.
The hobgoblin hits you with a hand axe.
* * * LOW HITPOINT WARNING * * *
You slash the orc high priest!
Your headbutt misses the orc high priest.
The orc high priest is almost dead.
The Screaming Sword yells, "Blade-deep in blood!"
The monsters around you reel from the noise!
The rust devil hits you!
You die...

≈≈≈≈≈≈...≈≈≈≈≈≈≈≈≈
≈≈≈≈≈≈...≈≈≈≈;≈≈≈
#≈≈≈≈...≈;≈≈###
#.......))..#
#####'''#####
'...).'..#
'.....'..#
#..⌠..#.)####
#.....#.@o44#
#.....#gg48.#
#######.ogoo#
###g8)#
.o.g......#
..o.....8.#
o_K.......o
.......#'##.
####### ..


You could see an orc high priest, an orange demon, a hellwing, a rust devil, 3
orc warriors, an orc, 2 hobgoblins and 2 goblins.

Vanquished Creatures
  Pikel (D:6)
  The ghost of namelastname112 the Poker, a novice DrGl of Yredelemnul (D:5)
  Joseph (D:7)
  A kobold demonologist (Bailey)
  3 orc warriors
  3 ice beasts (D:5)
  2 phantoms
  3 sky beasts
  3 ogres
  A big kobold (D:7)
  Blork the orc (D:6)
  An electric eel (Bailey)
  A jelly (D:7)
  2 crimson imps (D:5)
  3 giant frog zombies
  An iron imp (D:6)
  2 hounds
  A centaur skeleton (D:6)
  2 giant frog skeletons
  3 iguanas
  5 worker ants
  4 orc wizards
  Robin (D:3)
  A worker ant zombie (D:5)
  5 adders
  4 gnolls
  An ooze (D:2)
  An adder skeleton (D:4)
  4 worms
  A giant gecko (D:6)
  13 orcs
  7 bats
  4 giant cockroaches
  27 goblins
  13 hobgoblins
  7 jackals
  4 quokkas
  A ball python (D:4)
  7 giant newts
  2 goblin zombies (D:6)
  15 kobolds
  2 kobold skeletons (D:6)
  A kobold zombie (D:6)
  An orc zombie (D:6)
  3 quokka skeletons
  6 rats
176 creatures vanquished.

Vanquished Creatures (others)
  An orc wizard (D:6)
  An orc (D:6)
2 creatures vanquished.

Grand Total: 178 creatures vanquished

Notes
Turn   | Place    | Note
--------------------------------------------------------------
     0 | D:1      | Tomstefer the Minotaur Fighter began the quest for the Orb.
     0 | D:1      | Reached XP level 1. HP: 19/19 MP: 0/0
   158 | D:1      | Reached XP level 2. HP: 26/26 MP: 1/1
   411 | D:2      | Reached skill level 4 in Long Blades
   483 | D:2      | Reached XP level 3. HP: 22/31 MP: 2/2
  1167 | D:3      | Reached skill level 5 in Long Blades
  1167 | D:3      | Reached XP level 4. HP: 39/39 MP: 3/3
  1586 | D:3      | Noticed Robin
  1604 | D:3      | Killed Robin
  1604 | D:3      | Reached skill level 6 in Long Blades
  1642 | D:3      | Noticed an ogre
  1653 | D:3      | Reached XP level 5. HP: 43/45 MP: 4/4
  1662 | D:3      | Killed an ogre
  1662 | D:3      | Reached skill level 7 in Long Blades
  2282 | D:4      | Noticed a sky beast
  2296 | D:4      | Killed a sky beast
  2296 | D:4      | Reached skill level 8 in Long Blades
  2296 | D:4      | Reached XP level 6. HP: 43/51 MP: 5/5
  2363 | D:4      | Found a radiant altar of Vehumet.
  2557 | D:4      | Found a burning altar of Makhleb.
  2559 | D:4      | Noticed a blizzard demon
  2564 | D:4      | Noticed an orange demon
  2564 | D:4      | Noticed a hellwing
  2635 | D:4      | Reached skill level 9 in Long Blades
  2635 | D:4      | Reached XP level 7. HP: 45/57 MP: 6/6
  3427 | D:5      | Entered Level 5 of the Dungeon
  3456 | D:5      | Reached skill level 5 in Fighting
  3629 | D:5      | Reached skill level 10 in Long Blades
  3723 | D:5      | Reached XP level 8. HP: 58/70 MP: 7/7
  3907 | D:5      | Found a sparkling altar of Nemelex Xobeh.
  3917 | D:5      | Noticed namelastname112's ghost (novice DrGl)
  3938 | D:5      | Killed namelastname112's ghost
  3938 | D:5      | Reached skill level 11 in Long Blades
  3938 | D:5      | Reached skill level 5 in Armour
  4799 | D:6      | Found a glowing silver altar of Zin.
  4810 | D:6      | Reached XP level 9. HP: 63/75 MP: 8/8
  4900 | D:6      | Got a faintly glowing golden amulet
  4926 | D:6      | Noticed Blork the orc
  4938 | D:6      | Killed Blork the orc
  4938 | D:6      | Reached skill level 12 in Long Blades
  5111 | D:6      | Identified the amulet "Vetirer" {Spirit rN+ Int+2} (You found it on level 6 of the Dungeon)
  5188 | D:6      | Found Etuus's Magic Scroll Boutique.
  5214 | D:6      | Noticed Pikel
  5223 | D:6      | Killed Pikel
  5252 | D:6      | Found a glowing golden altar of the Shining One.
  5368 | D:6      | Found an opulent altar of Gozag.
  5690 | D:6      | Found a staircase to the Ecumenical Temple.
  5696 | Temple   | Entered the Ecumenical Temple
  5745 | Temple   | Became a worshipper of Warmaster Okawaru
  5809 | D:7      | Noticed Joseph
  5824 | D:7      | Killed Joseph
  5889 | D:7      | Found an ancient bone altar of Kikubaaqudgha.
  5939 | D:7      | Reached skill level 13 in Long Blades
  5968 | D:7      | Found a flagged portal.
  5975 | Bailey   | Entered a bailey
  6339 | Bailey   | Reached * piety under Okawaru
  6360 | Bailey   | Found an iron altar of Okawaru.
  6360 | Bailey   | Noticed an orc high priest
  6360 | Bailey   | Noticed a kobold demonologist
  6367 | Bailey   | Noticed an orange demon
  6369 | Bailey   | Noticed a rust devil
  6372 | Bailey   | Killed a kobold demonologist
  6397 | Bailey   | Noticed a hellwing
  6398 | Bailey   | Noticed a rust devil
  6398 | Bailey   | Noticed an orange demon
  6403 | Bailey   | Slain by a rust devil

Vault maps used:
D:1:      dpeg_arrival_rooms_b
D:2:      first_bread
D:3:      fountainhead, hangedman_decor_push, minmay_ogre_servants, uniq_robin
D:4:      makhleb_altar_promises_db, vehumet_crystals, serial_forest,
          infiniplex_forest_clump_C, infiniplex_forest_corner_1,
          infiniplex_forest_clump_tiny, infiniplex_forest_clump_long,
          infiniplex_forest_lined_3, infiniplex_forest_clump_tiny
D:5:      kennysheep_small_spiral, st_stairs_10, nemelex_lonely_heart_becter
D:6:      nicolae_tso_besieged_by_evil, nicolae_overflow_crystal_walls,
          lemuel_crystal_altar, minmay_temple_entry_fiery, serial_shops, shop,
          grunt_ministairs_3, uniq_blork_the_orc, uniq_pikel
D:7:      kennysheep_mini, xom_redecorated, enter_bailey_3, uniq_joseph
Temple:   grunt_temple_mini_profane_8
Bailey:   bailey_axe_of_yendor_kennysheep, bailey

Action                   |  1- 3 |  4- 6 |  7- 9 || total
-------------------------+-------+-------+-------++-------
Melee: Long sword        |    78 |   120 |   103 ||   301
       Double sword      |       |       |   176 ||   176
Evoke: Wand              |       |       |     2 ||     2
  Use: Potion            |       |     1 |     1 ||     2
       Scroll            |       |       |    11 ||    11
  Eat: Chunk             |     1 |     5 |     4 ||    10
       Bread ration      |       |       |     2 ||     2
